 Dungeon Crawl Stone Soup version 0.30.1-3-gfc49f6343a (webtiles) character file.

Game seed: 15040130008910053564

26 Descartes the Shield-Bearer (level 3, -1/29 HPs)
             Began as a Formicid Fighter on July 31, 2023.
             Slain by Sigmund
             ... wielding a +0 scythe
              (5 damage)
             ... on level 2 of the Dungeon.
             The game lasted 00:01:40 (811 turns).

Descartes the Shield-Bearer (Formicid Fighter)       Turns: 811, Time: 00:01:41

Health: -1/29      AC:  7    Str: 22    XL:     3   Next: 22%
Magic:  3/3        EV:  9    Int:  7    God:
Gold:   18         SH:  5    Dex: 13    Spells: 2/2 levels left

rFire   . . .        a - +0 war axe
rCold   . . .        c - +0 buckler
rNeg    . . .        b - +0 scale mail
rPois   .            (helmet unavailable)
rElec   .            (no cloak)
rCorr   .            (no gloves)
SInv    +            (no boots)
Will    .....        (no amulet) Stlth
                     (no ring)
HPRegen 0.24/turn    (no ring)
MPRegen 0.08/turn

%: no passive effects
@: no status effects
A: permanent stasis, dig shafts and tunnels, antennae 3, four strong arms
a: Dig, Shaft Self


You were on level 2 of the Dungeon.
You visited 1 branch of the dungeon, and saw 2 of its levels.

You collected 18 gold pieces.

Inventory:

Hand Weapons
 a - a +0 war axe (weapon)
Missiles
 f - 4 datura-tipped darts
Armour
 b - a +0 scale mail (worn)
 c - a +0 buckler (worn)
Scrolls
 e - a scroll of torment {unknown}
 g - a scroll of fear {unknown}
Potions
 d - a potion of might


   Skills:
 - Level 3.2 Fighting
 + Level 2.5 Axes
 + Level 3.7 Armour
 + Level 4.6 Shields
 + Level 0.1 Translocations


You had 2 spell levels left.
You didn't know any spells.
Your spell library contained the following spells:

 Spells                   Type           Power      Damage    Failure   Level
 Poisonous Vapours        Pois/Air       0%         N/A       91%         2
 Mephitic Cloud           Conj/Pois/Air  0%         N/A       99%         3
 Freezing Cloud           Conj/Ice/Air   0%         6-21      100%        5


Dungeon Overview and Level Annotations

Branches:
Dungeon (2/15)

Altars:

Shops:
D:1 !

Annotations:
D:2 Sigmund


Innate Abilities, Weirdness & Mutations

You cannot be hasted, slowed, berserked, paralysed or teleported.
You can dig through walls and to a lower floor.
You have a pair of large antennae on your head. (SInv)
Your four strong arms can wield two-handed weapons with a shield.


Message History

Sigmund shouts!
You see here a wand of roots (7).
You see here a wand of roots (7).
A giant cockroach comes into view.
Sigmund hits you with a +0 scythe!
You barely miss Sigmund. Sigmund casts a spell at you.
You resist with some effort.
You slash Sigmund!
Sigmund is moderately wounded.
Sigmund hits you with a +0 scythe.
You closely miss Sigmund.
Sigmund is moderately wounded.
Sigmund screams, "Die, monster!"
Sigmund barely misses you.
You closely miss Sigmund.
Sigmund is moderately wounded.
Sigmund points at you and mumbles some strange words.
The magic dart hits you.
You hit Sigmund.
Sigmund is heavily wounded.
Sigmund hits you with a +0 scythe.
You barely miss Sigmund.
Sigmund is heavily wounded.
Sigmund hits you with a +0 scythe.
You barely miss Sigmund.
Sigmund is heavily wounded.
Sigmund hits you with a +0 scythe.
You slash Sigmund!
Sigmund is severely wounded.
You block Sigmund's attack.
You slash Sigmund!
Sigmund is almost dead.
Sigmund hits you with a +0 scythe.
* * * LOW HITPOINT WARNING * * *
You closely miss Sigmund.
Sigmund is almost dead.
The giant cockroach waves its antennae.
Sigmund hits you with a +0 scythe.
You die...

+.>..+
.)##....#######
........+<....#
........#.###.#
#)....# #.###.#
#.....# #.#####
#@#######
#####+#@.......
#.....B########
#......+
#......#
#......#
#......#
#......#
#####...


You could see Sigmund and a giant cockroach.

Vanquished Creatures
  An endoplasm (D:1)
  2 goblins (D:1)
  3 hobgoblins (D:1)
  4 jackals (D:1)
  4 kobolds (D:1)
  2 quokkas (D:1)
  A ball python (D:1)
  3 bats
  3 frilled lizards (D:1)
  A rat (D:1)
24 creatures vanquished.

Notes
Turn   | Place    | Note
-------+----------+-------------------------------------------
     0 | D:1      | Descartes the Formicid Fighter began the quest for the Orb.
     0 | D:1      | Reached XP level 1. HP: 18/18 MP: 1/1
   105 | D:1      | Reached XP level 2. HP: 24/24 MP: 2/2
   125 | D:1      | Found Beidul's Distillery.
   373 | D:1      | Reached XP level 3. HP: 29/29 MP: 3/3
   376 | D:1      | Found a faded altar of an unknown god.
   795 | D:2      | Noticed Sigmund
   811 | D:2      | Slain by Sigmund

Illustrated notes

Levels and vault maps discovered:
D:1:      giann_horns, layout_basic, ebering_ecumenical_altar_webs,
          serial_shops, nicolae_shop_hallway_stairs
D:2:      cheibrodos_old_hovel, layout_basic, uniq_sigmund

Action                     || total
---------------------------++-------
  Melee: War axe           ||    69
 Armour: Scale mail        ||    30
  Dodge: Dodged            ||    25
  Block: Buckler           ||    17
